 Dungeon Crawl Stone Soup version 0.18.1-8-gdd0e5ea (webtiles) character file.

67 M4edhros the Chopper (level 3, 0/46 HPs)
             Began as a Minotaur Berserker on May 23, 2016.
             Was a Believer of Trog.
             Succumbed to Robin's poison
             ... on level 4 of the Dungeon.
             The game lasted 00:03:37 (592 turns).

M4edhros the Chopper (Minotaur Berserker)            Turns: 592, Time: 00:03:37

Health: 0/46       AC: 21    Str: 18 (21) XL:     3   Next: 98%
Magic:  2/2        EV:  2    Int:  1 (4)  God:    Trog [**....]
Gold:   88         SH:  0    Dex: 12 (15) Spells: 0 memorised, 2 levels left

rFire  . . .     SeeInvis .     a - +0 hand axe
rCold  . . .     Gourm    .     (armour currently unavailable)
rNeg   + + +     Faith    .     (no shield)
rPois  +         Spirit   .     (helmet currently unavailable)
rElec  .         Dismiss  .     (cloak currently unavailable)
rCorr  .         Reflect  .     (gloves currently unavailable)
SustAt .         Harm     .     (boots currently unavailable)
MR     .....     NoTele   +     (no amulet)
Stlth  ++........               (no ring)
                                (no ring)

@: agile, lethally poisoned (0 -> -6), tree-form, not resistant to hostile
enchantments, unstealthy
A: (retaliatory headbutt), (horns 0)
a: Berserk, Trog's Hand, Burn Spellbooks, Renounce Religion


You were on level 4 of the Dungeon.
You worshipped Trog.
Trog was pleased with you.
You were not hungry.
You were a tree.
You visited 1 branch of the dungeon, and saw 4 of its levels.

You collected 88 gold pieces.

Inventory:

Hand Weapons
 a - a +0 hand axe (weapon)
Armour
 b - a +0 animal skin (melded)
Wands
 h - a wand of iceblast (5/15)
Scrolls
 f - 3 scrolls of identify {unknown}
 j - 2 scrolls of immolation {unknown}
Comestibles
 c - a bread ration
 d - a beef jerky


   Skills:
 - Level 3.6 Fighting
 + Level 5.9 Axes
 - Level 2.4 Armour
 - Level 2.1 Dodging


You had 2 spell levels left.
You didn't know any spells.

Dungeon Overview and Level Annotations

Branches:
Dungeon (4/15)
 Temple: D:4-7

Altars:

Annotations:
D:4 Robin


Innate Abilities, Weirdness & Mutations

((You reflexively headbutt those who attack you in melee.))
((You have a pair of horns on your head.))


Message History

The iguana hisses angrily.
You hit Robin but do no damage. You hit the goblin.
The goblin is severely wounded.
* * * LOW HITPOINT WARNING * * *
You feel sick. Robin hits you but does no damage. The goblin hits you.
* * * LOW HITPOINT WARNING * * *
Evoke which item? (* to show all) (? for menu, Esc to quit)
Zapping:
h - a wand of iceblast (will waste charges)
Press: ? - help, Shift-Dir - straight line, f - goblin
Aim: a goblin (severely wounded) That beam is likely to hit you.
Continue anyway?
The mass of ice explodes!
The iceblast engulfs Robin.
Robin is lightly wounded.
The iceblast engulfs you!
* * * LOW HITPOINT WARNING * * *
The iceblast engulfs the goblin.
You kill the goblin!
Trog accepts your kill.
Evoking this partially-identified wand wasted a few charges.
You die...

# .# ###.#
...###########l..##.#
......(..g♣g(gg....>#
..####.######g#......
#.# #.# ..... #.# #g#
.... #.# #g# ### #.#
#.# #.# #g# #####'##
.g. #......#


You could see an iguana, Robin (berserk), 2 hobgoblins and 2 goblins.

Vanquished Creatures
  An iguana (D:4)
  An adder (D:4)
  A giant gecko (D:3)
  An orc (D:3)
  5 bats
  A giant cockroach (D:4)
  8 goblins
  3 hobgoblins
  A giant newt (D:2)
  4 kobolds
  3 rats
29 creatures vanquished.

Notes
Turn   | Place    | Note
--------------------------------------------------------------
     0 | D:1      | M4edhros the Minotaur Berserker began the quest for the Orb.
     0 | D:1      | Reached XP level 1. HP: 19/19 MP: 0/0
    36 | D:1      | Reached skill level 4 in Axes
   102 | D:2      | Reached XP level 2. HP: 23/26 MP: 1/1
   509 | D:4      | Reached skill level 5 in Axes
   509 | D:4      | Reached XP level 3. HP: 23/31 MP: 2/2
   577 | D:4      | Reached ** piety under Trog
   578 | D:4      | Noticed Robin
   591 | D:4      | HP: 2/46 [goblin[Robin] (2)]
   592 | D:4      | Succumbed to Robin's poison

Skill      XL: |  1  2 |
---------------+-------+-----
Axes           | 4 5 |  5.9
Fighting       | |  3.6
Armour         | |  2.4
Dodging        | |  2.1

Action                   || total
-------------------------++-------
Melee: Hand axe          ||    46
       Headbutt          ||     7
Invok: Berserk           ||     1
Evoke: Wand              ||     1
  Use: Potion            ||     3
Armor: Animal skin       ||    20
       Skin              ||    13
Dodge: Dodged            ||    47
